APP
DETROIT (APP) TIGERS @ BALTIMORE (APP) ORIOLES
06/14/2044
 
TOP OF THE 1ST
Detroit (APP) Tigers batting - Pitching for Baltimore (APP) Orioles : LHP Luis Perez
Pitching: LHP Luis Perez
Batting: LHB Bill Ford 0-0: Ground out 4-3 (Groundball, 4, EV 86.2 MPH)
Batting: RHB Brandon O'Malley 0-0: Ball
1-0: Called Strike
1-1: Called Strike
1-2: Strikes out swinging
Batting: RHB Mike Patterson 0-0: Swinging Strike
0-1: Ball
1-1: Ball
2-1: SOLO HOME RUN (Flyball, 78XD, EV 108.8 MPH), Distance : 443 ft
Batting: RHB Jon Goldstein 0-0: Foul Ball, location: 2F
0-1: Ball
1-1: Ground out 6-3 (Groundball, 56D, EV 102.5 MPH)
Top of the 1st over - 1 run, 1 hit, 0 errors, 0 left on base; Detroit (APP) 1 - Baltimore (APP) 0
BOTTOM OF THE 1ST
Baltimore (APP) Orioles batting - Pitching for Detroit (APP) Tigers : RHP Dan Keener
Pitching: RHP Dan Keener
Batting: RHB Jeremy Sipe 0-0: Called Strike
0-1: Ball
1-1: Bunt for hit to 15 - play at first, batter OUT! 1-3
Batting: RHB Mike Zepeda 0-0: Called Strike
0-1: Ball
1-1: Ball
2-1: Called Strike
2-2: Ground out 6-3 (Groundball, 6, EV 83.1 MPH)
Batting: LHB Justin Alworth 0-0: Called Strike
0-1: Ground out 4-3 (Groundball, 4, EV 103.1 MPH)
Bottom of the 1st over - 0 runs, 0 hits, 0 errors, 0 left on base; Detroit (APP) 1 - Baltimore (APP) 0
TOP OF THE 2ND
Detroit (APP) Tigers batting - Pitching for Baltimore (APP) Orioles : LHP Luis Perez
Batting: RHB Tony Soto 0-0: Ball
1-0: Called Strike
1-1: Foul Ball, location: 2F
1-2: Strikes out swinging
Batting: RHB Jose Evangelista 0-0: Called Strike
0-1: Swinging Strike
0-2: Ball
1-2: Foul Ball, location: 2F
1-2: Ball
2-2: Strikes out swinging, 2-3 out at first.
Batting: RHB Jamie Villagrana 0-0: Fly out, F7 (Flyball, 78S, EV 78.8 MPH)
Top of the 2nd over - 0 runs, 0 hits, 0 errors, 0 left on base; Detroit (APP) 1 - Baltimore (APP) 0
BOTTOM OF THE 2ND
Baltimore (APP) Orioles batting - Pitching for Detroit (APP) Tigers : RHP Dan Keener
Batting: LHB Antonio Cantu 0-0: Foul Ball, location: 2F
0-1: Foul Ball, location: 2F
0-2: SOLO HOME RUN (Flyball, 78XD, EV 115.0 MPH), Distance : 444 ft
Batting: RHB Lee Deason 0-0: Ball
1-0: Foul Ball, location: 2F
1-1: Ball
2-1: Foul Ball, location: 2F
2-2: Foul Ball, location: 2F
2-2: Ground out 6-3 (Groundball, 6, EV 86.9 MPH)
Batting: LHB Tomas de Zeeuw 0-0: Called Strike
0-1: Bunt missed!
0-2: Strikes out swinging
Batting: RHB Matt O'Dea 0-0: Ball
1-0: Ball
2-0: Foul Ball, location: 2F
2-1: Ball
3-1: Ground out 5-3 (Groundball, 56S, EV 86.9 MPH)
Bottom of the 2nd over - 1 run, 1 hit, 0 errors, 0 left on base; Detroit (APP) 1 - Baltimore (APP) 1
TOP OF THE 3RD
Detroit (APP) Tigers batting - Pitching for Baltimore (APP) Orioles : LHP Luis Perez
Batting: RHB Brandon Everett 0-0: Ground out 4-3 (Groundball, 4M, EV 96.2 MPH)
Batting: RHB Cory Wilkins 0-0: Foul Ball, location: 2F
0-1: Swinging Strike
0-2: Ball
1-2: Strikes out swinging
Batting: LHB Bill Ford 0-0: Ball
1-0: DOUBLE (Groundball, 3L, EV 93.8 MPH)
Batting: RHB Brandon O'Malley 0-0: Ball
1-0: Called Strike
1-1: Ground out 4-3 (Groundball, 4, EV 94.4 MPH)
Top of the 3rd over - 0 runs, 1 hit, 0 errors, 1 left on base; Detroit (APP) 1 - Baltimore (APP) 1
BOTTOM OF THE 3RD
Baltimore (APP) Orioles batting - Pitching for Detroit (APP) Tigers : RHP Dan Keener
Batting: RHB Ryan Vest 0-0: Called Strike
0-1: Ball
1-1: Ground out 6-3 (Groundball, 6MD, EV 86.2 MPH)
Batting: RHB Ioan Biros 0-0: Ball
1-0: Ball
2-0: Foul Ball, location: 2F
2-1: Ball
3-1: Base on Balls
Batting: RHB Jeremy Sipe 0-0: Ball
1-0: Ball
2-0: SINGLE (Groundball, 25, EV 70.0 MPH) (infield hit)
Ioan Biros to second
Batting: RHB Mike Zepeda 0-0: Ball
1-0: Ball
2-0: Reached on error, E5 (Groundball, 56S, EV 68.8 MPH)
Ioan Biros to third
Jeremy Sipe to second
Batting: LHB Justin Alworth 0-0: Ball
1-0: Ball
2-0: Foul Ball, location: 2F
2-1: Ball
3-1: Ground out 4-3 (Groundball, 4MD, EV 98.8 MPH)
Ioan Biros scores
Jeremy Sipe to third
Mike Zepeda to second
Batting: LHB Antonio Cantu 0-0: Ball
1-0: Foul Ball, location: 2F
1-1: Swinging Strike
1-2: 3-RUN HOME RUN (Flyball, 89XD, EV 115.0 MPH), Distance : 437 ft
Batting: RHB Lee Deason 0-0: Ball
1-0: Swinging Strike
1-1: Called Strike
1-2: Ball
2-2: Fly out, F8 (Flyball, 78XD, EV 101.2 MPH)
Bottom of the 3rd over - 4 runs, 2 hits, 1 error, 0 left on base; Detroit (APP) 1 - Baltimore (APP) 5
TOP OF THE 4TH
Detroit (APP) Tigers batting - Pitching for Baltimore (APP) Orioles : LHP Luis Perez
Batting: RHB Mike Patterson 0-0: Ball
1-0: Called Strike
1-1: Ball
2-1: Ball
3-1: Foul Ball, location: 2F
3-2: Foul Ball, location: 2F
3-2: Base on Balls
Batting: RHB Jon Goldstein 0-0: Ball
1-0: Ball
2-0: Called Strike
2-1: Called Strike
2-2: Foul Ball, location: 2F
2-2: Ball
3-2: Strikes out swinging
Batting: RHB Tony Soto 0-0: Called Strike
0-1: Ball
1-1: Ball
2-1: Foul Ball, location: 2F
2-2: Ball
3-2: Base on Balls
Mike Patterson to second
Batting: RHB Jose Evangelista 0-0: Called Strike
0-1: DOUBLE (Line Drive, 5D, EV 98.1 MPH)
Mike Patterson scores
Tony Soto to third
Batting: RHB Jamie Villagrana 0-0: Ball
1-0: Ball
2-0: Reached on error, E5 (Groundball, 5S, EV 93.1 MPH)
Tony Soto scores
Jose Evangelista scores
Batting: RHB Brandon Everett 0-0: Ball
1-0: Called Strike
1-1: Swinging Strike
1-2: Foul Ball, location: 2F
1-2: SINGLE (Groundball, 3D, EV 101.2 MPH)
Jamie Villagrana to third
Runner from 3rd tries for Home, SAFE, throw by RF to home
Pitching: RHP Tim Bemish
Batting: RHB Cory Wilkins 0-0: Ball
1-0: Called Strike
1-1: Ball
2-1: Foul Ball, location: 2F
2-2: Foul Ball, location: 2F
2-2: Ball
3-2: Foul Ball, location: 2F
3-2: Grounds into double play, 6-4-3 (Groundball, 6, EV 90.0 MPH)
Top of the 4th over - 4 runs, 2 hits, 1 error, 0 left on base; Detroit (APP) 5 - Baltimore (APP) 5
BOTTOM OF THE 4TH
Baltimore (APP) Orioles batting - Pitching for Detroit (APP) Tigers : RHP Dan Keener
Batting: LHB Tomas de Zeeuw 0-0: Called Strike
0-1: Ball
1-1: Swinging Strike
1-2: Ball
2-2: Fly out, F6 (Flyball, 6D, EV 94.4 MPH)
Batting: RHB Matt O'Dea 0-0: Swinging Strike
0-1: Ball
1-1: Ball
2-1: Ball
3-1: Base on Balls
Batting: RHB Ryan Vest 0-0: Called Strike
0-1: Called Strike
0-2: Strikes out swinging
Batting: RHB Ioan Biros 0-0: Ball
Wild Pitch!
Matt O'Dea to second
1-0: Ball
2-0: Foul Ball, location: 2F
2-1: DOUBLE (Groundball, 3L, EV 106.9 MPH)
Matt O'Dea scores
Pitching: RHP Scott King
Batting: RHB Jeremy Sipe 0-0: Ball
1-0: Ground out 5-3 (Groundball, 56S, EV 70.0 MPH)
Bottom of the 4th over - 1 run, 1 hit, 0 errors, 1 left on base; Detroit (APP) 5 - Baltimore (APP) 6
TOP OF THE 5TH
Detroit (APP) Tigers batting - Pitching for Baltimore (APP) Orioles : RHP Tim Bemish
Batting: LHB Bill Ford 0-0: Ball
1-0: Foul Ball, location: 2F
1-1: Ball
2-1: SINGLE (Groundball, 4MD, EV 103.8 MPH)
Batting: RHB Brandon O'Malley 0-0: Called Strike
0-1: Foul Ball, location: 2F
0-2: Ground out U3 (Groundball, 34, EV 88.8 MPH)
Bill Ford to second
Batting: RHB Mike Patterson 0-0: Foul Ball, location: 2F
0-1: Swinging Strike
0-2: Ball
1-2: Foul Ball, location: 2F
1-2: SINGLE (Groundball, 4MD, EV 101.2 MPH)
Bill Ford to third
Runner from 3rd tries for Home, SAFE, throw by CF to home
Batting: RHB Jon Goldstein Balk!
Mike Patterson to second
0-0: Ground out 5-3 (Groundball, 56, EV 78.8 MPH)
Batting: RHB Tony Soto 0-0: Called Strike
0-1: Ball
1-1: Ball
2-1: Swinging Strike
2-2: Strikes out swinging
Top of the 5th over - 1 run, 2 hits, 0 errors, 1 left on base; Detroit (APP) 6 - Baltimore (APP) 6
BOTTOM OF THE 5TH
Baltimore (APP) Orioles batting - Pitching for Detroit (APP) Tigers : RHP Scott King
Batting: RHB Mike Zepeda 0-0: Ball
1-0: Reached on error, E3 (Groundball, 13, EV 75.6 MPH)
Batting: LHB Justin Alworth 0-0: Ball
1-0: Ball
2-0: Called Strike
2-1: Ball
3-1: SINGLE (Groundball, 4D, EV 97.5 MPH)
Mike Zepeda to second
Runner from 2nd tries for 3rd, SAFE, throw by CF made to third
Justin Alworth to second
Batting: LHB Antonio Cantu 0-0: Swinging Strike
0-1: Ball
1-1: Swinging Strike
1-2: Strikes out swinging
Batting: RHB Lee Deason 0-0: Swinging Strike
0-1: Swinging Strike
0-2: Strikes out swinging
Batting: LHB Tomas de Zeeuw 0-0: Foul Ball, location: 2F
0-1: Swinging Strike
0-2: Strikes out swinging
Bottom of the 5th over - 0 runs, 1 hit, 1 error, 2 left on base; Detroit (APP) 6 - Baltimore (APP) 6
TOP OF THE 6TH
Detroit (APP) Tigers batting - Pitching for Baltimore (APP) Orioles : RHP Tim Bemish
Batting: RHB Jose Evangelista 0-0: Ground out 6-3 (Groundball, 6, EV 98.8 MPH)
Batting: RHB Jamie Villagrana 0-0: Called Strike
0-1: Ball
1-1: Foul Ball, location: 2F
1-2: Strikes out swinging
Batting: RHB Brandon Everett 0-0: Ground out 5-3 (Groundball, 56, EV 90.0 MPH)
Top of the 6th over - 0 runs, 0 hits, 0 errors, 0 left on base; Detroit (APP) 6 - Baltimore (APP) 6
BOTTOM OF THE 6TH
Baltimore (APP) Orioles batting - Pitching for Detroit (APP) Tigers : RHP Scott King
Batting: RHB Matt O'Dea 0-0: Foul Ball, location: 2F
0-1: Called Strike
0-2: Ball
1-2: Foul Ball, location: 2F
1-2: Ball
2-2: Foul Ball, location: 2F
2-2: Foul Ball, location: 2F
2-2: Ball
3-2: Fly out, F8 (Flyball, 8LXD, EV 100.0 MPH)
Batting: RHB Ryan Vest 0-0: Called Strike
0-1: Ball
1-1: Swinging Strike
1-2: Strikes out swinging
Batting: RHB Ioan Biros 0-0: Ball
1-0: Foul Ball, location: 2F
1-1: Ground out 6-3 (Groundball, 6MS, EV 88.1 MPH)
Bottom of the 6th over - 0 runs, 0 hits, 0 errors, 0 left on base; Detroit (APP) 6 - Baltimore (APP) 6
TOP OF THE 7TH
Detroit (APP) Tigers batting - Pitching for Baltimore (APP) Orioles : RHP Tim Bemish
Batting: RHB Cory Wilkins 0-0: Ball
1-0: Ball
2-0: Ball
3-0: Foul Ball, location: 2F
3-1: Foul Ball, location: 2F
3-2: Base on Balls
Batting: LHB Bill Ford 0-0: Called Strike
0-1: Sac Bunt to 15S - play at first, batter OUT! 1-4
Cory Wilkins to second
Batting: RHB Brandon O'Malley 0-0: Called Strike
0-1: Foul Ball, location: 2F
0-2: Ball
1-2: Ball
2-2: Ball
3-2: Base on Balls
Batting: RHB Mike Patterson 0-0: Called Strike
0-1: Foul Ball, location: 2F
0-2: Foul Ball, location: 2F
0-2: Strikes out swinging
Batting: RHB Jon Goldstein 0-0: Foul Ball, location: 2F
0-1: Swinging Strike
0-2: Ball
1-2: Fly out, F6 (Line Drive, 6, EV 71.9 MPH)
Top of the 7th over - 0 runs, 0 hits, 0 errors, 2 left on base; Detroit (APP) 6 - Baltimore (APP) 6
BOTTOM OF THE 7TH
Baltimore (APP) Orioles batting - Pitching for Detroit (APP) Tigers : RHP Scott King
Pitching: RHP Luis Brown
Batting: RHB Jeremy Sipe 0-0: Fly out, F8 (Flyball, 8LD, EV 106.2 MPH)
Batting: RHB Mike Zepeda 0-0: Ground out 6-3 (Groundball, 6, EV 86.2 MPH)
Batting: LHB Justin Alworth 0-0: Ball
1-0: Ball
2-0: Reached via error on a dropped throw from SS, E3 (Groundball, 56, EV 83.8 MPH)
Batting: LHB Antonio Cantu 0-0: Ball
1-0: Ball
2-0: SINGLE (Groundball, 4MD, EV 105.6 MPH) (infield hit)
Justin Alworth to second
Batting: RHB Lee Deason 0-0: DOUBLE (Line Drive, 7LD, EV 109.4 MPH)
Justin Alworth scores
Antonio Cantu to third
Batting: LHB Tomas de Zeeuw 0-0: Ground out 3-1 (Groundball, 34, EV 81.9 MPH)
Bottom of the 7th over - 1 run, 2 hits, 1 error, 2 left on base; Detroit (APP) 6 - Baltimore (APP) 7
TOP OF THE 8TH
Detroit (APP) Tigers batting - Pitching for Baltimore (APP) Orioles : RHP Tim Bemish
Pitching: RHP Jon Grason
Batting: RHB Tony Soto 0-0: Ball
1-0: Swinging Strike
1-1: Called Strike
1-2: Ball
2-2: Foul Ball, location: 2F
2-2: Fly out, F8 (Flyball, 8RM, EV 93.8 MPH)
Batting: RHB Jose Evangelista 0-0: Ball
1-0: Foul Ball, location: 2F
1-1: Ball
2-1: SINGLE (Groundball, 34D, EV 95.6 MPH)
Batting: RHB Jamie Villagrana 0-0: Ball
1-0: Ball
2-0: Ball
3-0: Called Strike
3-1: Base on Balls
Jose Evangelista to second
Batting: LHB Tokugoro Adachi 0-0: Foul Ball, location: 2F
0-1: Called Strike
0-2: Ball
1-2: Ground out 4-3 (Groundball, 4S, EV 70.6 MPH)
Jose Evangelista to third
Jamie Villagrana to second
Batting: RHB Cory Wilkins 0-0: Ball
1-0: Called Strike
1-1: Called Strike
1-2: Foul Ball, location: 2F
1-2: Strikes out looking
Top of the 8th over - 0 runs, 1 hit, 0 errors, 2 left on base; Detroit (APP) 6 - Baltimore (APP) 7
BOTTOM OF THE 8TH
Baltimore (APP) Orioles batting - Pitching for Detroit (APP) Tigers : RHP Luis Brown
Pitching: RHP Cameron Maxwell
Batting: RHB Matt O'Dea 0-0: Ball
1-0: Ball
2-0: Ball
3-0: Called Strike
3-1: Ground out 6-3 (Groundball, 56, EV 101.2 MPH)
Batting: RHB Ryan Vest 0-0: Ball
1-0: Called Strike
1-1: Ball
2-1: Foul Ball, location: 2F
2-2: SOLO HOME RUN (Line Drive, 7D, EV 100.6 MPH), Distance : 395 ft
Batting: RHB Ioan Biros 0-0: Ball
1-0: Ball
2-0: Called Strike
2-1: Ball
3-1: Base on Balls
Batting: RHB Jeremy Sipe 0-0: Swinging Strike
0-1: SINGLE (Flyball, 89S, EV 86.9 MPH)
Ioan Biros to second
Batting: RHB Mike Zepeda 0-0: Called Strike
0-1: Foul Ball, location: 2F
0-2: Ball
1-2: Fly out, F6 (Popup, 6MD, EV 53.1 MPH)
Batting: LHB Justin Alworth 0-0: Ball
1-0: Foul Ball, location: 2F
1-1: Ball
2-1: Ball
3-1: Base on Balls
Ioan Biros to third
Jeremy Sipe to second
Batting: LHB Antonio Cantu 0-0: Ground out U3 (Groundball, 3, EV 81.2 MPH)
Bottom of the 8th over - 1 run, 2 hits, 0 errors, 3 left on base; Detroit (APP) 6 - Baltimore (APP) 8
TOP OF THE 9TH
Detroit (APP) Tigers batting - Pitching for Baltimore (APP) Orioles : RHP Jon Grason
Pitching: RHP Chris Kimura
Batting: LHB Bill Ford 0-0: Called Strike
0-1: Called Strike
0-2: Foul Ball, location: 2F
0-2: Ground out 4-3 (Groundball, 4MD, EV 82.5 MPH)
Batting: RHB Brandon O'Malley 0-0: Called Strike
0-1: Ball
1-1: Swinging Strike
1-2: SINGLE (Line Drive, 9S, EV 108.8 MPH)
Batting: RHB Mike Patterson 0-0: Foul Ball, location: 2F
0-1: Ball
1-1: Swinging Strike
1-2: Foul Ball, location: 2F
1-2: Foul Ball, location: 2F
1-2: Strikes out looking
Batting: RHB Jon Goldstein 0-0: Called Strike
0-1: Foul Ball, location: 2F
0-2: Fly out, F8 (Flyball, 8LD, EV 103.8 MPH)
Top of the 9th over - 0 runs, 1 hit, 0 errors, 1 left on base; Detroit (APP) 6 - Baltimore (APP) 8
Thursday, March 31st , 2022 - OOTP Baseball 22.12 Build 89